 Dungeon Crawl Stone Soup version 0.27-a0-1200-g94dc6ad4cf (webtiles) character file.

Game seed: 6384076157249071432

18356 porpoise the Destroyer (level 12, -11/68 HPs)
             Began as a Deep Elf Conjurer on May 30, 2021.
             Was a High Priest of Sif Muna.
             Mangled by a six-headed hydra (14 damage)
             ... on level 4 of the Lair of Beasts.
             The game lasted 01:28:56 (18605 turns).

porpoise the Destroyer (Deep Elf Conjurer)         Turns: 18605, Time: 01:28:57

Health: -11/68     AC:  6    Str:  7    XL:     12   Next: 27%
Magic:  15/28      EV: 13    Int: 26    God:    Sif Muna [*****.]
Gold:   463        SH:  0    Dex: 13    Spells: 2/31 levels left

rFire    + . .     SeeInvis .   b - +0 hunting sling
rCold    . . .     Faith    .   (no shield)
rNeg     . . .     Spirit   .   A - +0 robe
rPois    +         Reflect  .   B - +1 hat {Will+}
rElec    .         Harm     .   D - +0 cloak {Will+}
rCorr    .         Rampage  .   q - +1 pair of gloves
Will     +++..                  (no boots)
Stlth    ++........             Q - amulet of regeneration
HPRegen  1.21/turn              f - ring of poison resistance
MPRegen  0.21/turn              j - ring of protection from fire

@: no status effects
A: no striking features
a: Renounce Religion, Channel Magic, Forget Spell, Divine Exegesis


You were on level 4 of the Lair of Beasts.
You worshipped Sif Muna.
Sif Muna was extremely pleased with you.
You visited 3 branches of the dungeon, and saw 16 of its levels.
You also visited: Bailey.

You collected 722 gold pieces.
You spent 259 gold pieces at shops.

Inventory:

Hand Weapons
 a - the +8 demon trident "Ykkaol Hylat" {venom, rC+ rN+}
   (You acquired it on level 3 of the Lair of Beasts)

   It poisons the flesh of those it strikes.
   It protects you from cold.
   It protects you from negative energy.
 b - a +0 hunting sling (weapon)
 G - a +2 short sword of venom
Missiles
 e - 90 sling bullets (quivered ammo)
 g - 73 arrows
 y - 18 bolts
 C - a throwing net
 T - 7 curare-tipped darts
Armour
 q - a +1 pair of gloves (worn)
 A - a +0 robe (worn)
 B - a +1 hat of willpower (worn)
 D - a +0 cloak of willpower (worn)
 O - a +1 helmet
Magical Staves
 w - a staff of conjuration
Jewellery
 f - a ring of poison resistance (left hand)
 j - a ring of protection from fire (right hand)
 l - an amulet of faith
 E - a ring of protection from fire
 Q - an amulet of regeneration (around neck)
Wands
 o - a wand of flame (55)
 x - a wand of digging (4)
 K - a wand of paralysis (9)
 R - a wand of iceblast (13)
Scrolls
 d - 6 scrolls of teleportation
 i - a scroll of fear {unknown}
 m - a scroll of immolation
 u - 3 scrolls of blinking
 z - a scroll of noise
 W - a scroll of enchant weapon {unknown}
Potions
 c - 5 potions of heal wounds
 h - 3 potions of berserk rage
 k - 3 potions of flight
 p - 4 potions of haste
 r - 5 potions of lignification
 s - 4 potions of cancellation
 t - 6 potions of magic
 v - a potion of might
 F - 11 potions of curing
 I - a potion of experience {unknown}
 N - a potion of attraction {unknown}
 V - a potion of ambrosia {unknown}
Miscellaneous
 n - a phantom mirror


   Skills:
 - Level 5.0 Fighting
 - Level 0.5 Armour
 - Level 5.0 Dodging
 - Level 2.4 Stealth
 - Level 10.0 Spellcasting
 + Level 10.1 Conjurations
 - Level 5.0 Hexes
 - Level 7.0 Translocations
 - Level 3.0 Transmutations
 + Level 4.6 Fire Magic
 - Level 5.0 Air Magic
 - Level 7.0 Poison Magic
 - Level 9.0 Invocations
 - Level 5.0 Evocations


You had 2 spell levels left.
You knew the following spells:

 Your Spells              Type           Power      Damage    Failure   Level
b - Searing Ray           Conj           100%       3d7       1%          2
c - Iskenderun's Mystic   Conj/Tloc      55%        2d12      1%          4
d - Fulminant Prism       Conj/Hex       25%        3d14      1%          4
f - Fireball              Conj/Fire      25%        3d11      6%          5
i - Ignite Poison         Fire/Tmut/Pois 38%        N/A       1%          3
o - Olgreb's Toxic Radia  Pois           49%        N/A       2%          4
r - Airstrike             Air            19%        N/A       6%          4
w - Swiftness             Air            39%        N/A       1%          3

Your spell library contained the following spells:

 Spells                   Type           Power      Damage    Failure   Level
 Apportation              Tloc           98%        N/A       1%          1
 Foxfire                  Conj/Fire      100%       2x1d9     1%          1
 Magic Dart               Conj           100%       1d8       1%          1
 Shock                    Conj/Air       100%       1d9       1%          1
 Sting                    Tmut/Pois      100%       1d8       1%          1
 Poisonous Vapours        Pois/Air       88%        N/A       1%          2
 Static Discharge         Conj/Air       51%        N/A       1%          2
 Conjure Flame            Conj/Fire      51%        6-21      1%          3
 Dazzling Flash           Conj/Hex       100%       N/A       1%          3
 Inner Flame              Hex/Fire       38%        N/A       1%          3
 Lesser Beckoning         Tloc           24%        N/A       1%          3
 Mephitic Cloud           Conj/Pois/Air  51%        N/A       1%          3
 Tukima's Dance           Hex            39%        N/A       1%          3
 Sticky Flame             Conj/Fire      51%        2d7       2%          4
 Lightning Bolt           Conj/Air       25%        1d41      5%          5
 Alistair's Intoxication  Tmut/Pois      26%        N/A       16%         5
 Invisibility             Hex            39%        N/A       65%         6
 Ignition                 Fire           18%        3d7       100%        8
 Shatter                  Erth           6%         3d9*      100%        9
 Tornado                  Air            19%        N/A       100%        9


Dungeon Overview and Level Annotations

Branches:
Dungeon (11/15)            Temple (1/1) D:5            Lair (4/6) D:9
  Swamp (0/4) Lair:3        Snake (0/4) Lair:3          Orc (0/2) D:9
 Bailey (visited)

Altars:
Ashenzari
Cheibriados
Dithmenos
Elyvilon
Fedhas
Gozag
Hepliaklqana
Kikubaaqudgha
Makhleb
Nemelex Xobeh
Okawaru
Qazlal
Ru
Sif Muna
Trog
Uskayaw
Vehumet
Wu Jian
Xom
Yredelemnul
Zin
The Shining One

Shops:
D:1 (   D:8 [   D:11 !

Annotations:
D:10 2 transporters, Orlauf's ghost, journeyman DsGl
D:11 Dangerous


Message History

The searing ray misses the wyvern.
The searing ray hits the six-headed hydra!
The six-headed hydra is lightly wounded.
You feel sick. The wyvern bites you!
The searing ray hits the wyvern.
The wyvern is severely wounded.
The searing ray hits the six-headed hydra!
The six-headed hydra is moderately wounded.
You feel sick. The wyvern misses you. The wyvern bites you.
The searing ray misses the wyvern.
The searing ray hits the six-headed hydra!
The six-headed hydra is heavily wounded.
You finish channeling your searing ray.
You feel sick.
A blink frog comes into view.
Casting: Searing Ray (safe; 1% risk of failure)
Confirm with . or Enter, or press ? or * to list all spells.
Aiming: Searing Ray (safe; 1% risk of failure)
Press: ? - help, Shift-Dir - straight line The searing ray hits the six-headed hydra!
The six-headed hydra is severely wounded.
The searing ray misses the wyvern. (Press . to maintain the ray.)
The blink frog gives a loud, deep croak!
You feel sick.
You are no longer poisoned.
You hear a trumpeting! x2
The six-headed hydra misses you. The six-headed hydra barely misses you.
The six-headed hydra bites you but does no damage.
The six-headed hydra bites you. The six-headed hydra bites you!
The six-headed hydra bites you.
* * * LOW HITPOINT WARNING * * *
The searing ray hits the six-headed hydra!
The six-headed hydra is severely wounded.
The wyvern barely misses you. The six-headed hydra bites you.
* * * LOW HITPOINT WARNING * * *
The six-headed hydra bites you but does no damage.
The six-headed hydra bites you!
* * * LOW HITPOINT WARNING * * *
The six-headed hydra barely misses you. The six-headed hydra bites you!
You die...

#...# #...## #
#.<..# .. ###...##
##..... ##....##
.P.....F #.#....#
.....
...####.....#
..... #..#.....##
..D... ##@.....#
..P...####Dl...###
#...†#.......#
#.......####
#......##
#......P#
#.#....P##
##.....P#
.....####


You could see a six-headed hydra, a blink frog and a wyvern.

Vanquished Creatures
  Gastronok (Lair:2)
  A hydra (Lair:2)
  3 elephants (Lair:3)
  2 black mambas
  4 cane toads
  2 kobold demonologists
  3 komodo dragons (Lair:1)
  3 polar bears (Lair:1)
  6 blink frogs
  A shadow (D:9)
  17 yaks
  A basilisk (Lair:2)
  2 steam dragons
  A swamp worm (Lair:3)
  An acid dragon (D:10)
  A naga (Lair:3)
  5 water moccasins
  4 orc warriors
  A necrophage (D:8)
  4 ice beasts
  2 black bears (D:7)
  3 ogres
  6 wolves (Lair:3)
  2 centaurs
  20 kobold brigands
  3 phantoms
  9 bullfrogs
  A gnoll sergeant (D:7)
  2 scorpions
  13 killer bees
  7 wights
  A howler monkey (D:10)
  An electric eel (Lair:2)
  2 bullfrog zombies
  3 centaur zombies
  A hound (D:5)
  A bullfrog skeleton (D:6)
  4 jellies
  5 orc priests
  2 centaur skeletons
  A gnoll shaman (D:9)
  4 iguanas
  4 orc wizards (D:10)
  3 killer bee zombies
  A hound skeleton (D:2)
  2 howler monkey zombies
  23 gnolls
  An adder (D:5)
  A shadow imp (D:7)
  A white imp (D:8)
  An adder skeleton (D:4)
  2 dart slugs
  34 orcs
  2 bats
  5 endoplasms
  4 giant cockroaches
  8 goblins
  15 hobgoblins
  6 jackals
  3 quokkas
  6 ball pythons
  3 frilled lizards
  38 kobolds
  8 rats
327 creatures vanquished.

Vanquished Creatures (others)
  A shadow (D:9)
  10 fulminant prisms
  9 fungi
  13 plants
33 creatures vanquished.

Grand Total: 360 creatures vanquished

Notes
Turn   | Place    | Note
-------+----------+-------------------------------------------
     0 | D:1      | porpoise the Deep Elf Conjurer began the quest for the Orb.
     0 | D:1      | Reached XP level 1. HP: 10/10 MP: 6/6
   317 | D:1      | Found a faded altar of an unknown god.
   327 | D:1      | Reached XP level 2. HP: 15/15 MP: 3/8
   334 | D:1      | Learned a level 2 spell: Searing Ray
   635 | D:1      | Found Yfiyll's Antique Weapon Boutique.
  1220 | D:2      | Reached skill level 5 in Conjurations
  1220 | D:2      | Reached XP level 3. HP: 14/19 MP: 1/10
  2675 | D:3      | Reached XP level 4. HP: 10/24 MP: 6/12
  3846 | D:4      | Learned a level 4 spell: Iskenderun's Mystic Blast
  3851 | D:4      | Learned a level 4 spell: Fulminant Prism
  4234 | D:4      | Reached skill level 5 in Spellcasting
  4458 | D:5      | Entered Level 5 of the Dungeon
  4458 | D:5      | Noticed a scorpion
  4534 | D:5      | Noticed a centaur
  4535 | D:5      | Noticed a phantom
  4535 | D:5      | Noticed a phantom
  4537 | D:5      | Killed a centaur
  4538 | D:5      | Reached skill level 1 in Fighting
  4538 | D:5      | Reached XP level 5. HP: 17/29 MP: 9/14
  4539 | D:5      | Killed a phantom
  4543 | D:5      | Killed a phantom
  4544 | D:5      | Reached XP level 6. HP: 22/35 MP: 2/15
  4865 | D:5      | Identified the +7 chain mail of Midnight {Str+6}
  4919 | D:5      | Found a staircase to the Ecumenical Temple.
  4930 | D:5      | Reached skill level 1 in Translocations
  5075 | D:5      | Reached XP level 7. HP: 41/41 MP: 11/16
  5077 | Temple   | Entered the Ecumenical Temple
  5418 | Temple   | Became a worshipper of Sif Muna the Loreminder
  5545 | D:1      | Bought a hunting sling for 42 gold pieces
  6356 | D:6      | Reached XP level 8. HP: 48/48 MP: 13/17
  6421 | D:6      | Reached skill level 5 in Translocations
  6540 | D:6      | Reached skill level 5 in Fighting
  6540 | D:6      | Reached skill level 1 in Hexes
  6820 | D:6      | Reached * piety under Sif Muna
  7082 | D:6      | Reached skill level 5 in Dodging
  7325 | D:7      | Reached skill level 5 in Hexes
  7325 | D:7      | Reached skill level 1 in Invocations
  7553 | D:7      | Reached XP level 9. HP: 54/54 MP: 11/20
  8497 | D:8      | Reached ** piety under Sif Muna
  8528 | D:8      | Found a flagged portal.
  8543 | Bailey   | Entered a bailey
  9504 | Bailey   | Reached skill level 5 in Invocations
  9927 | D:8      | Reached skill level 1 in Evocations
 10263 | D:8      | Found Ocaill's Antique Armour Shop.
 10316 | D:8      | Bought a runed helmet for 217 gold pieces
 11014 | D:8      | Reached *** piety under Sif Muna
 11416 | D:9      | Found a staircase to the Lair.
 11520 | D:9      | Found a basalt altar of Yredelemnul.
 11625 | D:9      | Learned a level 3 spell: Swiftness
 11630 | D:9      | Learned a level 4 spell: Airstrike
 11920 | D:9      | Reached XP level 10. HP: 54/59 MP: 13/22
 11926 | D:9      | Reached skill level 1 in Air Magic
 12108 | D:9      | Found a staircase to the Orcish Mines.
 12238 | D:10     | Entered Level 10 of the Dungeon
 12246 | D:10     | Found a transporter.
 12248 | D:10     | Noticed a spectral centaur warrior
 12277 | D:10     | Reached skill level 5 in Evocations
 12424 | D:10     | Noticed Orlauf's ghost (journeyman DsGl)
 12448 | D:10     | Found a transporter.
 12817 | D:10     | Reached **** piety under Sif Muna
 13012 | D:10     | Reached skill level 5 in Air Magic
 13717 | D:11     | Found Xuck's Distillery.
 13717 | D:11     | Noticed a two-headed ogre
 13717 | D:11     | Noticed a gargoyle
 13806 | Lair:1   | Entered Level 1 of the Lair of Beasts
 13867 | Lair:1   | Reached XP level 11. HP: 32/63 MP: 10/26
 14122 | Lair:1   | Learned a level 4 spell: Olgreb's Toxic Radiance
 14126 | Lair:1   | Learned a level 3 spell: Ignite Poison
 14313 | Lair:1   | Reached skill level 1 in Poison Magic
 14704 | Lair:1   | Reached ***** piety under Sif Muna
 15424 | Lair:1   | Identified a scroll of acquirement
 15424 | Lair:1   | Acquired a staff of conjuration
 15954 | Lair:2   | Noticed a four-headed hydra
 15962 | Lair:2   | Killed a four-headed hydra
 16131 | Lair:2   | Reached skill level 5 in Poison Magic
 16745 | Lair:2   | Noticed Gastronok
 16756 | Lair:2   | Killed Gastronok
 16757 | Lair:2   | Reached skill level 10 in Spellcasting
 16763 | Lair:2   | Learned a level 5 spell: Fireball
 17047 | Lair:3   | Found a staircase to the Snake Pit.
 17138 | Lair:3   | Reached skill level 1 in Fire Magic
 17252 | Lair:3   | Received a gift from Sif Muna
 17253 | Lair:3   | Reached XP level 12. HP: 56/68 MP: 20/28
 17523 | Lair:3   | Found a staircase to the Swamp.
 17637 | Lair:3   | Acquired the +8 demon trident "Ykkaol Hylat" {venom, rC+
                  | rN+}
 18048 | Lair:3   | Reached skill level 10 in Conjurations
 18593 | Lair:4   | Noticed a six-headed hydra
 18605 | Lair:4   | HP: 3/68 [six-headed hydra (12)]
 18605 | Lair:4   | Mangled by a six-headed hydra

Illustrated notes

Levels and vault maps discovered:
D:1:      lightli_arrival_boilingwater, layout_rooms, serial_shops,
          nicolae_shop_window_shopping, hellmonk_ecumenical_altar_blasted,
          roderic_serpentine_path
D:2:      minmay_kobold_bridge, layout_loops_ring
D:3:      layout_basic, wad_orctagon
D:4:      layout_loops_ring
D:5:      minmay_general_purpose_star, layout_gridville,
          minmay_temple_entry_proselytizer
D:6:      layout_cave_pools, corexii_shack
D:7:      layout_gridville
D:8:      layout_loops_corners, serial_shops, shop, enter_bailey_3
D:9:      layout_roguey, nicolae_overflow_crystal_walls, dpeg_oklobed_lair,
          hiddenorc1_lemuel, minmay_stone_trees_medium, hangedman_decor_growths,
          serial_bayou_pond_c, lemuel_old_faithful
D:10:     layout_long_grid, gammafunk_ghost_mausoleum
D:11:     layout_layer_cave, special_room [special_room_kobold], serial_shops,
          nicolae_shop_statue_plus, kennysheep_windowed_goal
Temple:   roderic_octagonal_lattice_temple
Lair:1:   layout_cave_pods, cheibrodos_lair_lostbears, serial_bayou_shore_b,
          lemuel_fruit_tree
Lair:2:   wander_river, layout_cellular_growth, nicolae_quartered_pool_little,
          grunt_megastairs_4, uniq_gastronok
Lair:3:   layout_long_grid, minmay_swamp_entry_worms,
          guppyfry_snake_entry_garden
Lair:4:   layout_concentric_octagons, nicolae_volcano_entry_lava_flow,
          lemuel_fruit_fields, grunt_megastairs_3

Skill      XL: |  1  2  3  4  5  6  7  8  9 10 11 12 |
---------------+-------------------------------------+-----
Spellcasting   | 4 5 6 7 9 10 | 10.0
Conjurations   | 5 6 7 9 10 | 10.1
Fighting       | 1 2 3 4 5 |  5.0
Translocations | 2 4 5 7 |  7.0
Hexes          | 5 |  5.0
Dodging        | 5 |  5.0
Invocations    | 3 5 8 9 |  9.0
Evocations     | 4 5 |  5.0
Air Magic      | 5 |  5.0
Poison Magic   | 7 |  7.0
Transmutations | 3 |  3.0
Fire Magic     | 1 4 |  4.6
Armour         | |  0.5
Stealth        | |  2.4

Action                   |  1- 3 |  4- 6 |  7- 9 | 10-12 || total
-------------------------+-------+-------+-------+-------++-------
Melee: Mace              |     2 |     1 |       |       ||     3
       Trident           |       |       |     7 |    11 ||    18
 Fire: Hunting sling     |       |       |   145 |    93 ||   238
Throw: Dart              |       |       |       |     5 ||     5
 Cast: Magic Dart        |    42 |    17 |     3 |       ||    62
       Searing Ray       |    22 |    21 |    86 |    96 ||   225
       Iskenderun's Myst |       |       |     5 |    17 ||    22
       Fulminant Prism   |       |       |     2 |     8 ||    10
       Olgreb's Toxic Ra |       |       |       |     3 ||     3
       Ignite Poison     |       |       |       |     3 ||     3
       Fireball          |       |       |       |     1 ||     1
Evoke: Wand              |       |       |       |     4 ||     4
  Use: Scroll            |       |    10 |     9 |     8 ||    27
       Potion            |       |       |       |     2 ||     2
Armor: Robe              |     2 |     3 |    19 |    41 ||    65
Dodge: Dodged            |     4 |     7 |    63 |    72 ||   146

Table legend: (Time is in decaauts)
 A = Elapsed time spent in this place.
 B = Non-inter-level travel time spent in this place.
 C = Inter-level travel time spent in this place.
 D = Time resting spent in this place.
 E = Time spent auto-exploring this place.
 F = Levels seen in this place.
 G = Mean time per level.
                   A        B        C        D        E       F      G
               +--------+--------+--------+--------+--------+-----+--------+
         Total |  18689 |  17838 |    851 |   6778 |   8873 |  17 | 1099.4 |
       Dungeon |  12314 |  11626 |    688 |   4344 |   5873 |  11 | 1119.5 |
        Temple |    358 |    304 |     54 |      0 |    303 |   1 |  358.0 |
          Lair |   4657 |   4548 |    109 |   1410 |   2608 |   4 | 1164.2 |
        Bailey |   1358 |   1358 |      0 |   1024 |     88 |   1 | 1358.0 |
               +--------+--------+--------+--------+--------+-----+--------+

Top non-repeatable levels by time:
  Lair:3: 1576 daAuts
  Lair:2: 1551 daAuts
  Lair:1: 1501 daAuts
     D:8: 1497 daAuts
  Bailey: 1358 daAuts
     D:3: 1328 daAuts
     D:5: 1295 daAuts
     D:2: 1212 daAuts
    D:10: 1187 daAuts
     D:9: 1173 daAuts
     D:1: 1169 daAuts
     D:7: 1109 daAuts
     D:6: 1055 daAuts
     D:4: 918 daAuts
    D:11: 365 daAuts
